Cogmind - Beta 13 *** ADVENTURER MODE // 2024.07.06 @ 17:50:01 Player: Olexender Result: Destroyed by G-47 Trooper with Particle Gun Performance ------------- Evolutions (2) 1000 Regions Visited (3) 600 Robots Destroyed (46) 230 Value Destroyed (1207) 1207 Prototype IDs (3) 60 Alien Tech Used (0) 0 Bonus (0) 0 TOTAL SCORE: 3097 Bonus ------- None Cogmind --------- Core Integrity 0/550 Matter 7/300 Energy 57/100 System Corruption 0% Temperature Warm (147) Movement Core (500) Ox9 Location -8/Materials Parts ------- > --- POWER (2) -------- (None) > --- PROPULSION (3) --- (None) > --- UTILITY (3) ------ Large Storage Unit > --- WEAPON (3) ------- Particle Gun Particle Gun Assault Rifle > --- INVENTORY (15) --- High-capacity Matter Pod (112) Structural Scanner Matter Filter Matter Filter Matter Filter Shield Generator Shield Generator Mining Claw Peak State ------------ > --- POWER ------------ Ion Engine Ion Engine > --- PROPULSION ------- Aluminum Leg Aluminum Leg Aluminum Leg > --- UTILITY ---------- Large Storage Unit Light Armor Plating Shield Generator > --- WEAPON ----------- Particle Gun Assault Rifle Gauss Rifle > --- INVENTORY -------- Ion Engine Aluminum Leg High-capacity Matter Pod Structural Scanner Matter Filter Matter Filter Matter Filter Shield Generator Shield Generator Shield Generator Particle Gun Particle Gun Assault Rifle Mini Grenade Launcher Mining Claw [Rating: 19] Favorites ----------- Power Ion Engine Engine Ion Engine Propulsion Aluminum Leg Leg Aluminum Leg Utility Large Storage Unit Device Structural Scanner Storage Large Storage Unit Protection Light Armor Plating Weapon Assault Rifle Energy Gun Particle Gun Ballistic Gun Assault Rifle Ballistic Cannon Assault Cannon Launcher Mini Grenade Launcher Slashing Weapon Mining Claw Build | -11 -10 -9 -8 ------- Run | Yrd Mat Mat Mat Slots Evolved 4 | . . 2 2 Power 1 | . . 1 . Propulsion 1 | . . 1 . Utility 1 | . . . 1 Weapon 1 | . . . 1 Parts Attached 42 | 5 12 5 20 Power 6 | 1 1 1 3 Engine 6 | 1 1 1 3 Core . | . . . . Reactor . | . . . . Propulsion 13 | 2 5 1 5 Treads . | . . . . Leg 13 | 2 5 1 5 Wheel . | . . . . Hover . | . . . . Flight . | . . . . Utility 7 | . 3 1 3 Device 5 | . 2 . 3 Storage 1 | . 1 . . Processor . | . . . . Hackware . | . . . . Protection 1 | . . 1 . Artifact . | . . . . Weapon 16 | 2 3 2 9 Energy Gun 5 | . 1 1 3 Energy Cannon . | . . . . Ballistic Gun 8 | 2 1 1 4 Ballistic Cannon 1 | . . . 1 Launcher 1 | . . . 1 Special Weapon . | . . . . Impact Weapon . | . . . . Slashing Weapon 1 | . 1 . . Piercing Weapon . | . . . . Special Melee Weapon . | . . . . Unidentified Prototypes . | . . . . Parts Lost 18 | . 1 1 16 Power 4 | . 1 . 3 Propulsion 5 | . . . 5 Utility 3 | . . . 3 Weapon 6 | . . 1 5 Highest Loss Streak 16 | . 1 1 16 To Critical Strikes . | . . . . Average Slot Usage (%) 95 | . 98 99 81 Engine 16 | . 13 22 13 Leg 28 | . 28 33 21 Device 10 | . 13 7 6 Storage 11 | . 12 11 9 Protection 3 | . 1 3 6 Energy Gun 7 | . 6 9 8 Ballistic Gun 17 | . 21 12 13 Naked Turns . | . . . . Heaviest Build 44 | 7 31 38 44 Greatest Support 30 | 20 20 30 30 Greatest Overweight (x) 11 | . 1 1 11 Average Overweight (x) . | . . 1 1 Largest Inventory Capacity 15 | 5 15 15 15 Average Capacity 14 | 5 13 15 15 Most Carried 15 | 5 12 11 15 Average Carried 9 | 2 7 9 13 Final Capacity 15 | 5 15 15 15 Final Carried 10 | 1 10 10 8 Class Distribution -------------------- 56% | Mutant 29% | Scavenger-Mutant 14% | Scavenger-Tank Dominant Class ---------------- Mutant | -10/Materials Scavenger-Mutant | -9/Materials Scavenger-Tank | -8/Materials Resources | -11 -10 -9 -8 ----------- Run | Yrd Mat Mat Mat Matter Collected 941 | 232 316 228 165 Remotely . | . . . . Salvage Created 1272 | . 426 406 440 Parts 86 | . 28 27 31 Haulers Intercepted . | . . . . Recyclers Shooed . | . . . . Parts Field Recycled . | . . . . Retrieved Matter . | . . . . Parts Self-Destructed . | . . . . Prevented . | . . . . Kills | -11 -10 -9 -8 ------- Run | Yrd Mat Mat Mat Combat Hostiles Destroyed 32 | . 10 10 12 Guns 22 | . 10 10 2 Cannons 5 | . . . 5 AOE 5 | . . . 5 Classes Destroyed 11 | . 4 2 5 Worker 5 | . 1 . 4 Builder 1 | . . . 1 Mechanic 1 | . . . 1 Operator 1 | . . 1 . Watcher 6 | . 3 2 1 Swarmer 9 | . 3 3 3 Grunt 16 | . 7 6 3 Brawler 1 | . . . 1 Duelist 1 | . . . 1 Sentry 3 | . . 1 2 Hunter 2 | . . . 2 Best Kill Streak 11 | . 4 3 11 Combat Bots Only 9 | . 3 3 9 Max Kills in Single Turn 2 | . 1 1 2 Gunslinging . | . . . . Exploded 2 | . . . 2 Melee . | . . . . Uniques/NPCs Destroyed . | . . . . Combat | -11 -10 -9 -8 -------- Run | Yrd Mat Mat Mat Hostile Shots Fired 350 | . 59 51 240 Missed 89 | . 10 15 64 Damage Taken 2637 | . 411 295 1931 Core 682 | . 75 46 561 Absorbed by Shields 200 | . . . 200 Ignored by Resistances 830 | . 130 90 610 Core Remaining (%) 86 | 100 70 88 . Volleys Fired 116 | . 31 36 49 Largest 3 | . 2 2 3 Hottest 150 | . 85 85 150 Shots Fired 216 | . 61 64 91 Gun 190 | . 61 64 65 Cannon 20 | . . . 20 Launcher 6 | . . . 6 Special . | . . . . Kinetic 155 | . 52 42 61 Thermal 55 | . 9 22 24 Explosive 6 | . . . 6 Electromagnetic . | . . . . Robot Hit Streak 14 | . 14 7 10 Robot Miss Streak 6 | . 4 2 6 Penetration Max . | . . . . Secondary Targets 5 | . 3 1 1 Max Gunslinging Chain 1 | . 1 1 1 Shots Hit Robots 141 | . 40 43 58 Core Hits 80 | . 22 20 38 Critical Kills . | . . . . Critical Parts Destroyed 1 | . . . 1 Critical Strikes 3 | . 1 . 2 Burn 1 | . 1 . . Destroy 1 | . . . 1 Blast 1 | . . . 1 Melee Attacks 1 | . 1 . . Impact . | . . . . Slashing 1 | . 1 . . Piercing . | . . . . Sneak Attacks . | . . . . Combat Hostiles . | . . . . Follow-up Attacks . | . . . . Damage Inflicted 2940 | . 551 569 1820 Guns 1702 | . 551 569 582 Cannons 399 | . . . 399 Explosions 839 | . . . 839 Melee . | . . . . Ramming . | . . . . Kinetic 1542 | . 426 339 777 Thermal 559 | . 125 230 204 Explosive 839 | . . . 839 Electromagnetic . | . . . . Impact . | . . . . Slashing . | . . . . Piercing . | . . . . Highest Corruption . | . . . . Average Corruption . | . . . . Corruption Purged . | . . . . Corruption Blocked . | . . . . Overload Shots . | . . . . Overflow Damage . | . . . . Projectiles . | . . . . Explosions . | . . . . Melee . | . . . . Knockbacks . | . . . . Impact . | . . . . Kinetic . | . . . . Secondary . | . . . . Self-Inflicted Damage 85 | . . . 85 Shots 3 | . . . 3 Rammed . | . . . . Targets Rammed . | . . . . Kicked . | . . . . Crushed . | . . . . Highest Temperature 417 | . 259 273 417 Average Temperature 127 | . 112 99 154 Received Heat Transfer 1055 | . 219 111 725 Effects 10 | . . . 10 Shutdowns 4 | . . . 4 Interference 3 | . . . 3 Matter Decay 1 | . . . 1 Short Circuit 1 | . . . 1 Damage (minor) 1 | . . . 1 Siege Activations . | . . . . Robots Corrupted . | . . . . Combat Hostiles . | . . . . Parts Fried . | . . . . Impact Corruptions . | . . . . Robots Melted . | . . . . Combat Hostiles . | . . . . Parts Melted 4 | . 1 2 1 Heat Transferred 1406 | . 370 555 481 Parts Sabotaged . | . . . . Parts Stolen . | . . . . Parts Stripped . | . . . . Power Chain Reactions . | . . . . Alert | -11 -10 -9 -8 ------- Run | Yrd Mat Mat Mat Peak Influence 323 | . 229 323 271 Initial 46 | . . 12 46 Average 92 | . 71 149 79 Maximum Alert Level 1 | . 1 1 1 Low Security (%) 82 | 100 84 66 96 Level 1 17 | . 15 33 3 Level 2 . | . . . . Level 3 . | . . . . Level 4 . | . . . . Level 5 . | . . . . High Security . | . . . . Max Security . | . . . . Squads Dispatched 7 | . 2 2 3 Investigation 3 | . 2 1 . Extermination . | . . . . Reinforcement 2 | . . 1 1 Assault . | . . . . Garrison 2 | . . . 2 Intercept . | . . . . Searches Triggered . | . . . . Construction Impeded 1 | . . . 1 Haulers Reinforced . | . . . . Active Scanning Responses . | . . . . Cargo Convoy Interrupts . | . . . . Stealth | -11 -10 -9 -8 --------- Run | Yrd Mat Mat Mat Distress Signals 7 | . 2 1 4 Communications Jammed . | . . . . Distress Signals . | . . . . Times Spotted 54 | . 14 17 23 Peak Tracking Total 11 | . 4 6 11 Tactical Retreats 1 | . . 1 . Traps | -11 -10 -9 -8 ------- Run | Yrd Mat Mat Mat Traps Triggered 2 | . 2 . . Indirectly . | . . . . Trap Hack Attempts . | . . . . Triggered . | . . . . Disarmed 6 | . 6 . . Reprogrammed . | . . . . Reused . | . . . . Traps Extracted . | . . . . Installed . | . . . . Triggered . | . . . . Machines | -11 -10 -9 -8 ---------- Run | Yrd Mat Mat Mat Machines Disabled 2 | . . 1 1 Max in Single Turn 1 | . . 1 1 Machines Repaired . | . . . . Machines Dismantled . | . . . . Machines Sabotaged . | . . . . Overloaded Fab Kills . | . . . . Hacking | -11 -10 -9 -8 --------- Run | Yrd Mat Mat Mat Machines Accessed 16 | . 10 5 1 Terminals 11 | . 7 4 . Fabricators . | . . . . Repair Stations 1 | . 1 . . Recycling Units 3 | . 2 1 . Scanalyzers 1 | . . . 1 Garrison Access . | . . . . Total Hacks 52 | . 31 18 3 Successful 32 | . 20 12 . Failed 20 | . 11 6 3 Catastrophic 3 | . 1 2 . Database Lockouts . | . . . . Manual . | . . . . Terminals 42 | . 27 15 . Fabricators . | . . . . Repair Stations 1 | . 1 . . Recycling Units 6 | . 3 3 . Scanalyzers 3 | . . . 3 Garrison Access . | . . . . Terminal Hacks 26 | . 16 10 . Record 8 | . 5 3 . Prototype ID Bank 2 | . 2 . . Branch Access Points 2 | . 1 1 . Emergency Access Points 2 | . . 2 . Terminal Index 1 | . 1 . . Locate Traps 1 | . 1 . . Disarm Traps 1 | . 1 . . Maintenance Status 1 | . . 1 . Recall Investigation 2 | . 1 1 . Hauler Manifests 1 | . 1 . . Zone Layout 5 | . 3 2 . Fabricator Hacks . | . . . . Repair Station Hacks 1 | . 1 . . Refit 1 | . 1 . . Recycling Unit Hacks 5 | . 3 2 . Report Inventory 3 | . 2 1 . Retrieve Components 2 | . 1 1 . Scanalyzer . | . . . . Garrison Access Hacks . | . . . . Unauthorized Hacks . | . . . . Terminals . | . . . . Fabricators . | . . . . Repair Stations . | . . . . Recycling Units . | . . . . Scanalyzers . | . . . . Garrison Access . | . . . . Data Cores Recovered . | . . . . Used . | . . . . Hacking Detections 12 | . 7 4 1 Full Trace Events 4 | . 1 3 . Feedback Events . | . . . . Feedback Blocked . | . . . . Robot Schematics Acquired . | . . . . Robots Built . | . . . . Authchips . | . . . . Time . | . . . . Total Robot Build Rating . | . . . . Part Schematics Acquired . | . . . . Parts Built . | . . . . Authchips . | . . . . Time . | . . . . Total Part Build Rating . | . . . . Parts Repaired . | . . . . Time . | . . . . Parts Recycled . | . . . . Recycled Matter . | . . . . Retrieved Matter . | . . . . Retrieved Components 17 | . 7 10 . Parts Scanalyzed . | . . . . Part Schematics Acquired . | . . . . Parts Damaged . | . . . . Bothacking | -11 -10 -9 -8 ------------ Run | Yrd Mat Mat Mat Used RIF Installer . | . . . . Robots Hacked . | . . . . Non-combat . | . . . . Combat . | . . . . Robot Hacks Applied . | . . . . Relay Couplers Released . | . . . . Fabnet Peak Effective % . | . . . . Robots Rewired . | . . . . Allies Hacked . | . . . . Hacks Repelled . | . . . . Allies | -11 -10 -9 -8 -------- Run | Yrd Mat Mat Mat Total Allies . | . . . . Largest Group . | . . . . Highest-Rated Group . | . . . . Highest-Rated Ally . | . . . . Total Orders . | . . . . Ally Attacks . | . . . . Total Damage . | . . . . Kills . | . . . . Allies Corrupted . | . . . . Allies Melted . | . . . . Intel | -11 -10 -9 -8 ------- Run | Yrd Mat Mat Mat Robot Analysis Total . | . . . . Derelict Logs Recovered . | . . . . Drone Launches . | . . . . Drone Recoveries . | . . . . Exploration | -11 -10 -9 -8 ------------- Run | Yrd Mat Mat Mat Turns Passed 2005 | 38 1008 555 404 Spaces Moved 859 | 35 494 223 107 Core 24 | 20 . . 4 Treads . | . . . . Legs 835 | 15 494 223 103 Wheels . | . . . . Hover . | . . . . Flight . | . . . . Fastest Speed 50 | 50 120 190 190 Average Speed 179 | 80 175 190 205 Slowest Speed 600 | 120 190 190 600 Overloaded Moves . | . . . . Propulsion Burnouts . | . . . . Robots Hopped . | . . . . Cave-ins Triggered . | . . . . Exploration Rate (%) 34 | 4 95 27 13 Regions Visited 3 Branch Regions . Pre-discovered Areas . | . . . . Known Exits Taken . | . . . . Unknown Exits Taken 3 | 1 1 1 . Scrap Searched . | . . . . Spaces Dug 1 | . 1 . . Terrain Destroyed 16 | . 1 . 15 Melee 1 | . 1 . . Projectile 1 | . . . 1 AOE 14 | . . . 14 Terrain Rammed . | . . . . Walls Destroyed . | . . . . Machines Disabled . | . . . . Actions | -11 -10 -9 -8 --------- Run | Yrd Mat Mat Mat Total 1118 | 44 571 290 213 Wait 48 | . 7 22 19 Move 856 | 34 493 222 107 Hop . | . . . . Pick Up 41 | 5 19 4 13 Fast Attach 1 | 1 . . . Attach 20 | 4 2 3 11 Detach . | . . . . Swap 21 | . 10 2 9 Drop 14 | . 8 1 5 Fire 116 | . 31 36 49 Melee 1 | . 1 . . Ram . | . . . . Kick . | . . . . Crush . | . . . . Escape Stasis . | . . . . Rewire . | . . . . Trap . | . . . . Miscellaneous . | . . . . Route ------- -11/Scrapyard -10/Materials (discovered 4 exits: *Mat x3 / *Min) -9/Materials (discovered 2 exits: *Mat / Min) -8/Materials History --------- Turn | Location | Event 4 | -11/Scrapyard | Discovered new exit (range 15) 39 | -11/Scrapyard | Entered Materials 210 | -10/Materials | Discovered new exit (range 4) 308 | -10/Materials | Build established: Mutant 336 | -10/Materials | Identified exit to Mines 452 | -10/Materials | Discovered new exit (range 13) 753 | -10/Materials | Discovered new exit (range 3) 1047 | -10/Materials | Entered another Materials area 1047 | -9/Materials | Evolved 2 slots: Power x1, Propulsion x1 1242 | -9/Materials | Identified exit to Mines 1354 | -9/Materials | Build established: Scavenger-Mutant 1598 | -9/Materials | Discovered new exit (range 3) 1602 | -9/Materials | Entered another Materials area 1602 | -8/Materials | Evolved 2 slots: Utility x1, Weapon x1 1862 | -8/Materials | Garrison activated, responded to threat 1935 | -8/Materials | Core integrity fell below 50% 1982 | -8/Materials | Core integrity fell below 20% 2006 | -8/Materials | Destroyed by G-47 Trooper with Particle Gun Last Messages --------------- 01994_ U-05 Engineer builds a Wall. 01994_ U-05 Engineer lays Concrete. 01996_ R-06 Scavenger collects Terrain Scan Processor. 01996_ K-01 Serf cleans the Pressure Siphon. 01996_ U-05 Engineer lays Concrete. 01999_ K-01 Serf cleans the Pressure Siphon. 01999_ U-05 Engineer lays Concrete. 02000_ R-06 Scavenger collects Lgt. Treads. 02000_ U-05 Engineer lays Concrete. 02001_ U-05 Engineer builds a Wall. 02002_ U-05 Engineer lays Concrete. 02003_ K-01 Serf collects debris. 02003_ U-05 Engineer lays Concrete. 02003_ Critical hit (Burn: +37). 02004_ U-05 Engineer lays Concrete. 02004_ Critical hit (Burn: +37). 02004_ U-05 Engineer lays Concrete. 02004_ G-47 Trooper destroyed. 02005_ U-05 Engineer lays Concrete. 02006_ K-01 Serf collects debris. Map ----- +----------------------------------------------------+ | ?????????????????????????????????????????????????? | | ?????????????????????????????????????????????????? | | ?????????????????????????????????????????????????? | | ?????????????????????????????????????????????????? | | ?????????????????????????????????????????????????? | | ?????????????????????????????????????????????????? | | ?????????????????????????????????????????????????? | | ?????????????????????????????????????????????????? | | ?????????????????????????????????????????????????? | | ??????????????????????????? ???????????????????? | | ??????????????????????????? #??????????????????? | | ??????????????????????????" %%#??????????????????? | | ????????????????????#????""k "????? #???????????? | | ????????????????????# ???""!% T???? #???????????? | | ????????????????????# ? =%Yg"??? #???????????? | | ????????????????????# #### #???????????? | | ????????????????????# """" #???????????? | | ??????????????????### """g% #???????????? | | ??????????????????? "" [ #???????????? | | ???????????????????? #???????????? | | ????????????????????? u #???????????? | | ?????????????????####+# % % * # #?????????????? | | ?????????????????# =u= =#???????????????? | | ?????????????????#""" [ ! #???????????????? | | ?????????????????#""" [ ]w!%==#???????????????? | | ?????????????????#""" = @ ]u![**#???????????????? | | ?????????????????#""" % =] !%*#???????????????? | | ?????????????????# # "! !%*+ #????????? | | ?????????????????########[%"!" # ] #????????? | | ????????????????????????###### %w################# | | ?????????????????????????????# | | ?????????????????????????????# % | | ?????????????????????????????# | | ?????????????????????????????# ################# | | ???????????????????????????" + #???????????????? | | ????????????????????????? # #???????????????? | | ??????????????????????? ?# #???????????????? | | ??????????????????????####???# #???????????????? | | ?????????????????????????????# #???????????????? | | ?????????????????????????????# #???????????????? | | ?????????????????????????????# #???????????????? | | ?????????????????????????????# ????????????????? | | ?????????????????????????????# ????????????????? | | ?????????????????????????????# ????????????????? | | ?????????????????????????????# ????????????????? | | ?????????????????????????????????????????????????? | | ?????????????????????????????????????????????????? | | ?????????????????????????????????????????????????? | | ?????????????????????????????????????????????????? | | ?????????????????????????????????????????????????? | +----------------------------------------------------+ Best States ------------- Heat Dissipation 31 Energy Generation 15 Energy Capacity 400 Matter Stores 300 Matter Capacity 300 Sight Range 16 Terrain Scan Density 10 Armor Coverage 150 Resistance: KI 20 Resistance: TH 20 Resistance: EX 20 Resistance: EM 20 Resistance: I 20 Resistance: S 20 Resistance: P 20 Evasion (%) 55 Offensive Hacking 10 Item Schematics ----------------- None Robot Schematics ------------------ None Fabricated ------------ Nothing Alien Tech Used ----------------- None Achievements -------------- None Challenges ------------ None Game ------ Seed OmegaPotentialMallet Manual? 0 Play Time 00:20:09 Cumulative 244.2 hours Start 2024.07.06 @ 17:29:13 End 2024.07.06 @ 17:50:01 Sessions 1 Manual Loads 0 Difficulty Adventurer Special Mode None Game No. 183 Rogue 0 Adventurer 120 Explorer 63 Win Type - Total 0 Types 0/0/0/0/0/0/0/0/0 Lore% 53 Gallery% 65 Achievement% 51 Wizard Run 0 Options --------- Layout 0 ASCII 0 Keyboard 0 Movement Mouse Keybinds 0 Fullscreen 1 Font 24/Smallcaps Map View 76x50 Zoom Use 0% Tactical HUD 1 Map Filters NONE Filters NONE Steam 1 RUN: 6f256f3d-6784-48cf-ae9f-6efaa7963d10